 Dungeon Crawl Stone Soup version 0.29-a0-88-g03a7b78be7 (webtiles) character file.

Game seed: 6974683999497302244

59028 blank1 the Warrior (level 14, -1/144 HPs)
             Began as a Minotaur Fighter on Feb 5, 2022.
             Was the Champion of Okawaru.
             Slain by a spriggan rider (27 damage)
             ... on level 6 of the Lair of Beasts.
             The game lasted 00:36:29 (17981 turns).

blank1 the Warrior (Minotaur Fighter)              Turns: 17981, Time: 00:36:29

Health: -1/144     AC: 28    Str: 22    XL:     14   Next: 51%
Magic:  0/17       EV: 13    Int:  5    God:    Okawaru [******]
Gold:   2197       SH:  6    Dex: 22    Spells: 13/13 levels left

rFire   . . .      SeeInvis .   v - +7 war axe (spect)
rCold   . . .      Faith    .   c - +0 buckler
rNeg    . . .      Spirit   +   C - +1 plate armour
rPois   +          Reflect  .   G - +2 hat
rElec   .          Harm     .   b - +0 cloak
rCorr   .          Rampage  .   H - +2 pair of gloves "Veeh" {Dex+8 Stlth+}
Will    +....                   (no boots)
Stlth   ..........              t - amulet of guardian spirit
HPRegen 0.34/turn               p - ring of poison resistance
MPRegen 0.15/turn               u - +4 ring of protection

@: afraid, finesse-ful
A: horns 2, retaliatory headbutt
a: Renounce Religion, Heroism, Finesse, Duel


You were on level 6 of the Lair of Beasts.
You worshipped Okawaru.
Okawaru was exalted by your worship.
You visited 3 branches of the dungeon, and saw 18 of its levels.

You collected 2675 gold pieces.
You spent 478 gold pieces at shops.

Inventory:

Hand Weapons
 k - a +0 war axe of flaming
 v - a +7 spectral war axe (weapon)
 I - the +9 trident of Dul Poeka {flame, Will+ rCorr}
   (You found it on level 1 of the Lair of Beasts)

   It burns those it strikes, dealing additional fire damage.
   rCorr:     It protects you from acid and corrosion.
   Will:      It increases your willpower.
Missiles
 E - 2 throwing nets (quivered)
Armour
 b - a +0 cloak (worn)
 c - a +0 buckler (worn)
 C - a +1 plate armour (worn)
 G - a +2 hat (worn)
 H - the +2 pair of gloves "Veeh" (worn) {Dex+8 Stlth+}
   (You found it on level 1 of the Lair of Beasts)

   Dex:       It affects your dexterity (+8).
   Stlth:     It makes you more stealthy.
 U - the +0 hat "Huofira" {Harm rElec rCorr}
   (Okawaru gifted it to you on level 6 of the Lair of Beasts)

   rElec:     It insulates you from electricity.
   rCorr:     It protects you from acid and corrosion.
   Harm:      It increases damage dealt and taken.
Jewellery
 p - a ring of poison resistance (left hand)
 t - an amulet of guardian spirit (around neck)
 u - a +4 ring of protection (right hand)
 R - the amulet "Pour" {Reflect rPois rF- rC+ rN++ SH+5}
   (You found it on level 5 of the Lair of Beasts)

   [amulet of reflection]

   It reflects blocked missile attacks.
   rF:        It makes you vulnerable to fire.
   rC:        It protects you from cold.
   rPois:     It protects you from poison.
   rN:        It greatly protects you from negative energy.
   SH:        It affects your SH (+5).
 S - a +6 ring of dexterity
Wands
 l - a wand of iceblast (10)
 r - a wand of flame (24)
 s - a wand of paralysis (4)
 x - a wand of mindburst (4)
 z - a wand of digging (5)
 B - a wand of polymorph (18)
 N - a wand of acid (7)
Scrolls
 e - 5 scrolls of teleportation
 i - 5 scrolls of fog
 m - 2 scrolls of vulnerability
 q - a scroll of blinking
 w - a scroll of immolation
 y - 2 scrolls of enchant weapon
 J - a scroll of fear
 K - a scroll of enchant armour
 Q - 3 scrolls of amnesia
Potions
 a - 2 potions of brilliance
 d - 7 potions of might
 f - 2 potions of ambrosia
 g - 3 potions of flight
 h - 2 potions of lignification
 j - 2 potions of cancellation
 n - 5 potions of curing
 o - 6 potions of haste
 A - 6 potions of heal wounds
 D - a potion of resistance
 F - 2 potions of attraction {unknown}
 O - a potion of invisibility
 P - a potion of berserk rage


   Skills:
 + Level 18.8 Fighting
 - Level 13.3(14.0) Axes
 - Level 6.9(11.0) Maces & Flails
 - Level 14.0 Armour
 + Level 11.4 Dodging
 - Level 4.0 Shields
 - Level 6.0 Invocations


You had 13 spell levels left.
You didn't know any spells.
Your spell library contained the following spells:

 Spells                   Type           Power      Damage    Failure   Level
 Beastly Appendage        Tmut           0%         N/A       100%        1
 Sting                    Tmut/Pois      0%         1d3       100%        1
 Poisonous Vapours        Pois/Air       0%         N/A       100%        2
 Scorch                   Fire           0%         2d5       100%        2
 Wereblood                Tmut           0%         N/A       100%        2
 Gell's Gravitas          Tloc           0%         N/A       100%        3
 Lesser Beckoning         Tloc           0%         N/A       100%        3
 Spider Form              Tmut/Pois      0%         N/A       100%        3
 Teleport Other           Tloc           0%         N/A       100%        3
 Flame Wave               Conj/Fire      0%         2d4       100%        4
 Olgreb's Toxic Radiance  Pois           0%         N/A       100%        4
 Passage of Golubria      Tloc           0%         N/A       100%        4
 Blade Hands              Tmut           0%         N/A       100%        5
 Fireball                 Conj/Fire      0%         3d3       100%        5
 Iskenderun's Battlesphe  Conj           0%         2d6       100%        5
 Silence                  Hex/Air        0%         N/A       100%        5
 Yara's Violent Unravell  Hex/Tmut       0%         3d3       100%        5
 Conjure Ball Lightning   Conj/Air       0%         3x3d6     100%        6
 Iron Shot                Conj/Erth      0%         9d1       100%        6
 Orb of Destruction       Conj           0%         9d5       100%        7
 Storm Form               Tmut/Air       0%         N/A       100%        7
 Lehudib's Crystal Spear  Conj/Erth      0%         10d2      100%        8
 Maxwell's Capacitive Co  Air            0%         ∞         100%        8
 Tukima's Dance           Hex            Unusable   N/A       N/A         3
 Animate Armour           Summ/Erth      Unusable   N/A       N/A         4
 Summon Lightning Spire   Summ/Air       Unusable   N/A       N/A         4
 Summon Cactus Giant      Summ           Unusable   N/A       N/A         6

Dungeon Overview and Level Annotations

Branches:
Dungeon (11/15)            Temple (1/1) D:7            Lair (6/6) D:11
 Shoals (0/4) Lair:2        Snake (0/4) Lair:4        Slime (0/5) Lair:5
    Orc (0/2) D:9

Altars:
Ashenzari
Cheibriados
Dithmenos
Elyvilon
Fedhas
Gozag
Hepliaklqana
Kikubaaqudgha
Makhleb
Nemelex Xobeh
Okawaru
Qazlal
Ru
Sif Muna
Trog
Uskayaw
Vehumet
Wu Jian
Xom
Yredelemnul
Zin
The Shining One
Jiyva

Shops:
D:7 *=*?   D:9 [

Annotations:
Lair:4 exclusion: 2 oklob plants
Lair:6 1 transporter, Theoretic's ghost, journeyman GnWn


Innate Abilities, Weirdness & Mutations

You have a pair of horns on your head.
You reflexively headbutt those who attack you in melee.


Message History

The spriggan rages.
The spriggan rider hits you from afar with a +1 trident of flaming!!
* * * LOW HITPOINT WARNING * * *
The spriggan rider burns you!
* * * LOW HITPOINT WARNING * * *
Theoretic's ghost misses your +7 spectral war axe.
You attempt to attack Theoretic's ghost, but flinch away in fear!
The spriggan rages.
Theoretic's ghost turns its malevolent gaze towards you.
Unknown command.
Press < or > to pray at altars.
Unknown command.
Press < or > to pray at altars.
Unknown command.
Press < or > to pray at altars.
You attempt to attack Theoretic's ghost, but flinch away in fear!
The spriggan rider closely misses you.
Theoretic's ghost points at you and mumbles some strange words.
The ball explodes into a vile cloud!
The stinking cloud engulfs you but does no damage.
The stinking cloud engulfs Theoretic's ghost but does no damage.
Unknown command.
Press < or > to pray at altars.
Unknown command.
Press < or > to pray at altars.
Unknown command.
Press < or > to pray at altars.
You closely miss Theoretic's ghost.
Theoretic's ghost is almost destroyed.
Your +7 spectral war axe misses Theoretic's ghost.
Your +7 spectral war axe hits the spriggan rider!!
The spriggan rider hits you from afar with a +1 trident of flaming!!
* * * LOW HITPOINT WARNING * * *
The spriggan rider burns you.
Okay, then.
You feel much better.
* * * LOW HITPOINT WARNING * * *
Theoretic's ghost's toxic aura wanes.
The spriggan rider hits you from afar with a +1 trident of flaming!!
You die...

#.##............#P.P..#.
##......©................
###P....#####..............
#.....###.©.###............
##...####.....##...........
##....#..##.....#...........
#....##..#≈.....##..........
##P..#..##.§°....#..........
##...#....§@§##.©#..........
#P...#..##§W☼≈#..#..........
###..##.#§#i###.##..........
#...#####ii..##...........
##..## #yi...##...........
##...###...###............
#......#####..............
####.....©..............#.
#.......#............##


You could see a spriggan rider (berserk), a moth of wrath, 3 spriggans and
Theoretic's ghost (scary).

Vanquished Creatures
  8 hydras
  3 catoblepae (Lair:5)
  A boulder beetle (D:11)
  The ghost of Xenoroth the Cleaver, a novice MiBe of Trog (D:7)
  Erica (D:11)
  4 two-headed ogres
  A spriggan berserker (Lair:6)
  The ghost of Foxy the Grappler, a novice TrTm of Gozag (D:7)
  Sonja (Lair:4)
  The ghost of Iich the Basher, a novice MiBe of Trog (D:7)
  An ugly thing (D:10)
  A wolf spider (Lair:6)
  3 manticores
  A cyclops (D:11)
  19 elephants
  A guardian serpent (Lair:6)
  10 black mambas
  15 cane toads
  2 rime drakes
  5 komodo dragons
  11 polar bears
  A troll (D:11)
  3 hornets (Lair:6)
  3 raiju (Lair:6)
  Prince Ribbit (D:5)
  A dream sheep (Lair:6)
  11 blink frogs
  Sigmund (D:5)
  4 shadows
  2 vampires (D:10)
  18 wyverns
  A spriggan (Lair:6)
  27 yaks
  4 basilisks
  Eustachio (D:6)
  2 steam dragons
  2 redbacks (Lair:6)
  2 vampire mosquitoes (D:11)
  The ghost of Cecur the Conjurer, an amateur DrCj (D:7)
  4 wargs (Lair:6)
  3 nagas (Lair:4)
  3 acid dragons
  19 water moccasins
  14 hell hounds (Lair:6)
  3 orc warriors
  2 ice beasts
  15 black bears
  4 sky beasts
  3 ogres
  A necrophage (D:5)
  17 wolves
  2 phantoms
  2 centaurs
  2 gnoll sergeants
  3 kobold brigands
  5 scorpions
  16 bullfrogs
  A wyvern zombie (D:7)
  A water moccasin skeleton (D:4)
  6 killer bees
  2 vampire bats (Lair:6)
  4 howler monkeys
  2 electric eels (D:7)
  3 centaur zombies
  3 hounds
  3 jellies
  A centaur skeleton (D:7)
  4 orc priests
  A gnoll shaman (D:7)
  A scorpion zombie (D:5)
  5 orc wizards
  3 iguanas
  3 hound skeletons
  2 howler monkey zombies
  A howler monkey skeleton (D:7)
  10 adders
  12 gnolls
  A shadow imp (D:6)
  A white imp (D:5)
  48 orcs
  3 ball pythons
  8 bats
  8 endoplasms
  2 giant cockroaches
  10 hobgoblins
  12 jackals
  3 quokkas
  A frilled lizard (D:3)
  6 goblins
  25 kobolds
  8 rats
498 creatures vanquished.

Vanquished Creatures (others)
  28 fungi
  72 plants
100 creatures vanquished.

Grand Total: 598 creatures vanquished

Notes
Turn   | Place    | Note
-------+----------+-------------------------------------------
     0 | D:1      | blank1 the Minotaur Fighter began the quest for the Orb.
     0 | D:1      | Reached XP level 1. HP: 19/19 MP: 0/0
   121 | D:1      | Reached XP level 2. HP: 22/27 MP: 1/1
   289 | D:1      | Reached skill level 1 in Dodging
   569 | D:1      | Reached skill level 4 in Fighting
   569 | D:1      | Reached XP level 3. HP: 33/33 MP: 2/2
  1408 | D:2      | Found a faded altar of an unknown god.
  1700 | D:3      | Reached XP level 4. HP: 40/40 MP: 3/3
  2339 | D:3      | Found a glowing golden altar of the Shining One.
  2409 | D:4      | Noticed a scorpion
  2416 | D:3      | Killed a scorpion
  2417 | D:3      | Reached XP level 5. HP: 43/47 MP: 4/4
  2431 | D:4      | Reached skill level 5 in Fighting
  2431 | D:4      | Reached skill level 5 in Maces & Flails
  2583 | D:4      | Noticed a phantom
  2609 | D:3      | Killed a phantom
  2610 | D:3      | Reached XP level 6. HP: 38/56 MP: 5/5
  2778 | D:4      | Reached skill level 6 in Fighting
  3132 | D:5      | Entered Level 5 of the Dungeon
  3183 | D:5      | Noticed a wyvern
  3201 | D:5      | Killed a wyvern
  3202 | D:5      | Reached skill level 5 in Armour
  3202 | D:5      | Reached XP level 7. HP: 51/63 MP: 6/6
  3335 | D:5      | Noticed Prince Ribbit
  3353 | D:5      | Killed Prince Ribbit
  3583 | D:5      | Reached skill level 7 in Fighting
  3587 | D:5      | Reached skill level 1 in Axes
  3587 | D:5      | Reached XP level 8. HP: 73/73 MP: 7/7
  3765 | D:5      | Noticed Sigmund
  3773 | D:5      | Killed Sigmund
  3774 | D:5      | Reached skill level 8 in Fighting
  3889 | D:5      | Reached skill level 5 in Axes
  4336 | D:6      | Reached skill level 9 in Fighting
  4381 | D:6      | Found an opulent altar of Gozag.
  4497 | D:6      | Reached XP level 9. HP: 80/84 MP: 6/8
  4556 | D:6      | Reached skill level 10 in Fighting
  4681 | D:6      | Noticed Eustachio
  4694 | D:6      | Killed Eustachio
  5167 | D:7      | Reached skill level 11 in Fighting
  5273 | D:7      | Found Luohal's Jewellery Emporium.
  5278 | D:7      | Found Lauteen's General Store.
  5280 | D:7      | Found Bydghied's Magic Scroll Emporium.
  5522 | D:7      | Identified the +3 rapier "Utzima Taca" {venom, Dex+3}
  5666 | D:7      | Found a staircase to the Ecumenical Temple.
  5731 | Temple   | Entered the Ecumenical Temple
  5913 | Temple   | Became a worshipper of Warmaster Okawaru
  6004 | D:7      | Found a runed translucent gate.
  6005 | D:7      | Found a runed translucent gate.
  6008 | D:7      | Found a runed translucent gate.
  6009 | D:7      | Noticed Foxy's ghost (novice TrTm)
  6010 | D:7      | Noticed Iich's ghost (novice MiBe)
  6011 | D:7      | Noticed Xenoroth's ghost (novice MiBe)
  6011 | D:7      | Noticed Cecur's ghost (amateur DrCj)
  6051 | D:7      | Found Urivves's Assorted Antiques.
  6059 | D:7      | Bought a scroll labelled LECO EBUMAH for 28 gold pieces
  6169 | D:8      | Reached skill level 1 in Invocations
  6452 | D:8      | Reached skill level 5 in Dodging
  6550 | D:8      | Found a blossoming altar of Fedhas.
  6559 | D:8      | Reached * piety under Okawaru
  6560 | D:8      | Reached XP level 10. HP: 73/95 MP: 7/10
  6986 | D:9      | Noticed a two-headed ogre
  6995 | D:9      | Killed a two-headed ogre
  7297 | D:9      | Noticed a two-headed ogre
  7303 | D:9      | Killed a two-headed ogre
  7589 | D:9      | Found Qarygua's Antique Armour Shoppe.
  7981 | D:9      | Found a staircase to the Orcish Mines.
  8094 | D:9      | Bought a pair of embroidered gloves for 210 gold pieces
  8194 | D:7      | Bought a scroll of brand weapon for 240 gold pieces
  8302 | D:10     | Entered Level 10 of the Dungeon
  8340 | D:10     | Noticed a two-headed ogre
  8346 | D:10     | Killed a two-headed ogre
  8346 | D:10     | Reached ** piety under Okawaru
  8501 | D:10     | Noticed a purple ugly thing
  8509 | D:10     | Reached skill level 10 in Armour
  8511 | D:10     | Killed a purple ugly thing
  8668 | D:10     | Found a stormy altar of Qazlal.
  8868 | D:10     | Reached *** piety under Okawaru
  8869 | D:10     | Reached XP level 11. HP: 102/102 MP: 13/13
  9008 | D:10     | Received a gift from Okawaru
  9014 | D:10     | Reached skill level 10 in Axes
  9021 | D:10     | Noticed a two-headed ogre
  9038 | D:10     | Killed a two-headed ogre
  9039 | D:10     | Reached skill level 12 in Fighting
  9293 | D:11     | Noticed a boulder beetle
  9299 | D:11     | Killed a boulder beetle
  9351 | D:11     | Noticed Erica
  9355 | D:11     | Killed Erica
  9355 | D:11     | Reached **** piety under Okawaru
  9531 | D:11     | Found an iron altar of Okawaru.
  9891 | D:11     | Found a staircase to the Lair.
  9981 | D:11     | Reached skill level 13 in Fighting
 10255 | Lair:1   | Entered Level 1 of the Lair of Beasts
 10297 | Lair:1   | Identified the +2 pair of gloves "Veeh" {Dex+8 Stlth+}
 10331 | Lair:1   | Reached ***** piety under Okawaru
 10534 | Lair:1   | Identified the +9 trident of Dul Poeka {flame, Will+ rCorr}
 10891 | Lair:1   | Reached skill level 14 in Fighting
 11237 | Lair:1   | Identified the +2 leather armour of Yredelemnul's Delight
                  | {rPois Str+4 Int+5}
 11295 | Lair:2   | Noticed an eight-headed hydra
 11310 | Lair:2   | Killed a four-headed hydra
 11311 | Lair:2   | Reached XP level 12. HP: 97/117 MP: 10/14
 11541 | Lair:2   | Found a staircase to the Shoals.
 11683 | Lair:2   | Reached skill level 15 in Fighting
 11688 | Lair:2   | Reached ****** piety under Okawaru
 12024 | Lair:3   | Received a gift from Okawaru
 12788 | Lair:4   | Noticed a five-headed hydra
 12802 | Lair:4   | Killed a three-headed hydra
 12958 | Lair:4   | Noticed Sonja
 12960 | Lair:4   | Noticed an eight-headed hydra
 12962 | Lair:4   | Killed Sonja
 12970 | Lair:4   | Killed an 18-headed hydra
 13406 | Lair:4   | Noticed a seven-headed hydra
 13416 | Lair:4   | Killed a one-headed hydra
 13511 | Lair:4   | Reached XP level 13. HP: 127/128 MP: 15/15
 13561 | Lair:4   | Received a gift from Okawaru
 13571 | Lair:4   | Found a staircase to the Snake Pit.
 13876 | Lair:5   | Reached skill level 16 in Fighting
 13903 | Lair:5   | Reached skill level 10 in Dodging
 14059 | Lair:5   | Found a staircase to the Slime Pits.
 14060 | Lair:5   | Found a viscous altar of Jiyva.
 14339 | Lair:5   | Identified the amulet "Pour" {Reflect rPois rF- rC+ rN++
                  | SH+5}
 14866 | Lair:5   | Reached skill level 5 in Invocations
 14883 | Lair:5   | Received a gift from Okawaru
 15339 | Lair:6   | Entered Level 6 of the Lair of Beasts
 15388 | Lair:6   | Found a transporter.
 15399 | Lair:6   | Noticed Theoretic's ghost (journeyman GnWn)
 15404 | Lair:6   | Found a bloodstained altar of Trog.
 15419 | Lair:6   | Found a transporter.
 15685 | D:7      | Killed Xenoroth's ghost
 15685 | D:7      | Killed Cecur's ghost
 15687 | D:7      | Killed Foxy's ghost
 15694 | D:7      | Killed Iich's ghost
 16006 | Lair:6   | Paralysed by a hornet for 3 turns
 16330 | Lair:6   | Reached skill level 17 in Fighting
 16522 | Lair:6   | Found a broken altar of Ashenzari.
 16542 | Lair:6   | Reached XP level 14. HP: 139/140 MP: 17/17
 16722 | Lair:6   | Identified the +0 hat "Huofira" {Harm rElec rCorr} (Okawaru
                  | gifted it to you on level 6 of the Lair of Beasts)
 16722 | Lair:6   | Received a gift from Okawaru
 16743 | Lair:6   | Reached skill level 18 in Fighting
 17067 | Lair:6   | Identified a scroll of acquirement
 17067 | Lair:6   | Acquired 1212 gold pieces
 17980 | Lair:6   | HP: 4/144 [spriggan rider (18)]
 17981 | Lair:6   | Slain by a spriggan rider

Illustrated notes

Levels and vault maps discovered:
D:1:      dpeg_arrival_tiny_k, layout_basic, chequers_serial_rivers_large_a
D:2:      layout_rooms, ebering_ecumenical_altar_rust
D:3:      layout_basic, tso_oasis_becter
D:4:      layout_rooms, nicolae_underground_beach
D:5:      layout_basic, minmay_between, uniq_prince_ribbit1, uniq_sigmund
D:6:      layout_basic, mainiacjoe_overflow_concentric_impassable,
          uniq_eustachio
D:7:      layout_cave_pools, minmay_temple_entry_hall, serial_shops, shop,
          gammafunk_ghost_cemetery, nrook_campfire, nicolae_wooded_promenade
D:8:      layout_rooms, kennysheep_mini_moat
D:9:      layout_roguey, hiddenorc2_lemuel, serial_shops,
          nicolae_shop_temple_entry_statues_fountains
D:10:     layout_roguey, lemuel_doored_altar, minmay_fractal_squares_gapless_5
D:11:     layout_roguey, erik_lair_dragon, okawaru_gym_becter, uniq_erica
Temple:   dpeg_five_rooms_temple
Lair:1:   layout_cave_pods
Lair:2:   layout_hall_layers, shoals_dummy_entry
Lair:3:   layout_regular_city, beast_lair_carwin_4
Lair:4:   dpeg_oklob_gauntlet, layout_small_grid,
          minmay_snake_entry_guardpost_small, grunt_megastairs_2,
          infiniplex_staircase_pool, uniq_sonja
Lair:5:   nzn_motion_control, layout_gridlike, slime_altar_1
Lair:6:   hangedman_lair_tendril_chambers, layout_regular_city,
          hangedman_lair_caniforms_friends, gammafunk_ghost_wrathful_warriors,
          basic_altar, chequers_serial_rivers_small_b, wad_woods_road_06,
          roderic_batcave

Skill      XL: |  1  2  3  4  5  6  7  8  9 10 11 12 13 14 |
---------------+-------------------------------------------+-----
Dodging        | 1 2 4 5 6 8 9 10 11 | 11.4
Armour         | 4 5 6 10 11 14 | 14.0
Fighting       | 4 5 6 7 9 11 14 15 17 18 | 18.8
Shields        | 4 |  4.0
Maces & Flails | 3 4 5 6 |  6.9
Axes           | 1 6 8 9 11 13 | 13.3
Invocations    | 2 4 6 |  6.0

Action                   |  1- 3 |  4- 6 |  7- 9 | 10-12 | 13-15 || total
-------------------------+-------+-------+-------+-------+-------++-------
Melee: Flail             |    89 |   111 |    37 |       |       ||   237
       Headbutt          |    15 |    17 |    42 |    72 |   101 ||   247
       War axe           |       |       |   180 |   327 |   399 ||   906
Invok: Heroism           |       |       |       |     1 |     2 ||     3
       Finesse           |       |       |       |       |     1 ||     1
  Use: Scroll            |       |     5 |    11 |     8 |     4 ||    28
       Potion            |       |       |       |       |     1 ||     1
 Stab: Distracted        |       |       |       |     3 |     5 ||     8
Armor: Scale mail        |    45 |    11 |       |       |       ||    56
       Chain mail        |       |    66 |    84 |       |       ||   150
       Plate armour      |       |       |    63 |   209 |   238 ||   510
Dodge: Dodged            |    40 |    54 |    77 |   122 |   236 ||   529
Block: Buckler           |    25 |    31 |    45 |    69 |   101 ||   271

Table legend: (Time is in decaauts)
 A = Elapsed time spent in this place.
 B = Non-inter-level travel time spent in this place.
 C = Inter-level travel time spent in this place.
 D = Time resting spent in this place.
 E = Time spent auto-exploring this place.
 F = Levels seen in this place.
 G = Mean time per level.
                   A        B        C        D        E       F      G
               +--------+--------+--------+--------+--------+-----+--------+
         Total |  18011 |  16621 |   1390 |   1036 |  12706 |  18 | 1000.6 |
       Dungeon |  10561 |   9532 |   1029 |    637 |   7143 |  11 |  960.1 |
        Temple |    211 |    183 |     28 |      0 |    170 |   1 |  211.0 |
          Lair |   7238 |   6905 |    333 |    399 |   5393 |   6 | 1206.3 |
               +--------+--------+--------+--------+--------+-----+--------+

Top non-repeatable levels by time:
  Lair:6: 2032 daAuts
  Lair:5: 1483 daAuts
    D:11: 1324 daAuts
     D:9: 1221 daAuts
     D:5: 1212 daAuts
     D:7: 1209 daAuts
  Lair:4: 1129 daAuts
     D:1: 1043 daAuts
  Lair:1: 1023 daAuts
     D:3: 1015 daAuts
  Lair:3: 873 daAuts
    D:10: 843 daAuts
     D:6: 799 daAuts
     D:8: 754 daAuts
  Lair:2: 697 daAuts
